 Dungeon Crawl Stone Soup version 0.31.0-9-g3a7656b989 (webtiles) character file.

Game seed: 7705249297205285759

203 qw the Skirmisher (level 5, -2/29 HPs)
             Began as a Deep Elf Hunter on Feb 2, 2024.
             Incinerated by a bombardier beetle (5 damage)
             ... with a burning spray
             ... on level 3 of the Dungeon.
             The game lasted 00:00:07 (2320 turns).

qw the Skirmisher (Deep Elf Hunter)                 Turns: 2320, Time: 00:00:08

Health: -2/29      AC:  3    Str: 10    XL:     5   Next: 51%
Magic:  7/7        EV: 12    Int: 14    God:
Gold:   94         SH:  0    Dex: 18    Spells: 4/4 levels left

rFire   . . .        a - +0 shortbow
rCold   . . .        (shield currently unavailable)
rNeg    . . .        c - +0 leather armour
rPois   +            (no helmet)
rElec   .            (no cloak)
rCorr   .            (no gloves)
SInv    .            (no boots)
Will    .....        (no amulet)
Stlth   +            j - ring of poison resistance
HPRegen 0.24/turn    (no ring)
MPRegen 0.10/turn

%: no passive effects
@: on fire, glowing
A: no striking features
a: no special abilities


You were on level 3 of the Dungeon.
You visited 1 branch of the dungeon, and saw 3 of its levels.

You collected 94 gold pieces.


   Skills:
 - Level 1.5 Fighting
 - Level 9.0 Ranged Weapons
 + Level 2.6 Dodging
 - Level 1.2 Stealth


You had 4 spell levels left.
You didn't know any spells.
Your spell library was empty.

Inventory:

Hand Weapons
 a - a +0 shortbow (weapon)
Armour
 c - a +0 leather armour (worn)
Jewellery
 d - a +6 ring of intelligence
 j - a ring of poison resistance (left hand)
Scrolls
 f - a scroll of immolation {unknown}
 h - 3 scrolls of identify
 i - a scroll of torment {unknown}
Potions
 b - a potion of lignification {unknown}
 e - a potion of brilliance {unknown}
 g - 2 potions of curing {unknown}

Dungeon Overview and Level Annotations

Branches:
Dungeon (3/15)

Altars:

Shops:
D:2 =


Message History

You shoot an arrow. The arrow hits the bombardier beetle.
The bombardier beetle is moderately wounded.
The liquid fire burns you!
The bombardier beetle sprays incendiary fluid at you.
The burning spray hits you.
You are even more covered in liquid fire!
You shoot an arrow.
The arrow hits the bombardier beetle but does no damage.
The bombardier beetle is moderately wounded.
The liquid fire burns you!
You shoot an arrow.
The arrow barely misses the bombardier beetle.
The liquid fire burns you!
You shoot an arrow.
The arrow hits the bombardier beetle but does no damage.
The bombardier beetle is moderately wounded.
The liquid fire burns you! The bombardier beetle bites you.
You shoot an arrow. The arrow hits the bombardier beetle.
The bombardier beetle is moderately wounded.
The liquid fire burns you!
You shoot an arrow. The arrow hits the bombardier beetle!
The bombardier beetle is almost dead.
The liquid fire burns you!
The bombardier beetle sprays incendiary fluid at you.
The burning spray hits you.
You are even more covered in liquid fire!
You shoot an arrow.
The arrow hits the bombardier beetle but does no damage.
The bombardier beetle is almost dead.
The liquid fire burns you!
The bombardier beetle bites you but does no damage.
You shoot an arrow.
The arrow barely misses the bombardier beetle.
The liquid fire burns you!
You shoot an arrow.
The arrow hits the bombardier beetle but does no damage.
The bombardier beetle is almost dead.
The liquid fire burns you!
You die...

#.......## ##.###.# ##..##
#.........####...##.########....#
+.........'......................
#.........####......#######......
##.......## ##..#### #.......
##.....## ##.# #....... ##.....
#.# #.##...# ##.### #.# #.##...#
#. #@# #.###### # ......B.#
#....... #.####### #..##### #..#
#..##### #......# ##.###.# #.#
#.# #.###..


You could see a bombardier beetle.

Vanquished Creatures
  An ice beast (D:3)
  An orc priest (D:3)
  2 adders
  2 dart slugs
  A ribbon worm (D:3)
  8 ball pythons
  5 bats
  5 endoplasms
  3 goblins
  6 hobgoblins
  4 jackals (D:3)
  3 frilled lizards
  5 kobolds
  10 rats
56 creatures vanquished.

Notes
Turn   | Place    | Note
-------+----------+-------------------------------------------
     0 | D:1      | qw the Deep Elf Hunter began the quest for the Orb.
     0 | D:1      | Reached XP level 1. HP: 12/12 MP: 3/3
     0 | D:1      | 0 ||| qw: Version: 0.3-a-155-g5e7d8dd
     0 | D:1      | 0 ||| qw: Game counter: 2093
     0 | D:1      | 0 ||| qw: Melee chars always use a shield: true
     0 | D:1      | 0 ||| qw: God list: Okawaru
     0 | D:1      | 0 ||| qw: Allow faded altars: false
     0 | D:1      | 0 ||| qw: Do Orc after clearing Dungeon:15 true
     0 | D:1      | 0 ||| qw: Do second Lair branch before Depths: true
     0 | D:1      | 0 ||| qw: Lair rune preference: random
     0 | D:1      | 0 ||| qw: Goals: Normal
     0 | D:1      | 0 ||| PLANNING D:1-11
   272 | D:1      | Reached XP level 2. HP: 16/16 MP: 4/4
   288 | D:1      | Reached skill level 6 in Ranged Weapons
   835 | D:1      | 835 ||| UPGRADING to ring of poison resistance.
   836 | D:1      | 836 ||| READING scroll labelled LAGREH HEUR.
   837 | D:1      | 837 ||| READING 2 scrolls labelled MUMU UTHIKH.
   837 | D:1      | 837 ||| IDENTIFYING fuming clear potion
   838 | D:1      | 838 ||| READING scroll of identify.
   838 | D:1      | 838 ||| IDENTIFYING coppery potion
   839 | D:1      | 839 ||| READING scroll labelled JOURGH HOEG.
   840 | D:1      | 840 ||| DROPPING scroll of butterflies.
   841 | D:1      | 841 ||| DROPPING potion of invisibility.
   908 | D:2      | 908 ||| FLEEEEING.
   909 | D:2      | 909 ||| STAIRDANCE
   933 | D:1      | 933 ||| DROPPING scarf of harm.
  1012 | D:2      | Reached XP level 3. HP: 10/20 MP: 5/5
  1396 | D:2      | Found Lirch's Jewellery Emporium.
  1401 | D:2      | Reached skill level 7 in Ranged Weapons
  1405 | D:2      | 1405 ||| SHOPLISTING ring of Pantheism {rN+ MP+9} (343
                  | gold, have 40).
  1405 | D:2      | 1405 ||| SHOPLISTING ring of Starshine {*Slow rPois rC++
                  | Dex+2 SInv} (520 gold, have 40).
  1405 | D:2      | 1405 ||| SHOPLISTING ring of see invisible (165 gold, have
                  | 40).
  1523 | D:2      | 1523 ||| READING scroll labelled SUGHUKIZAO.
  1621 | D:3      | Reached XP level 4. HP: 25/25 MP: 6/6
  1763 | D:3      | Noticed an ice beast
  1764 | D:3      | 1764 ||| DRINKING potion of haste.
  1782 | D:3      | Killed an ice beast
  1783 | D:3      | Reached skill level 8 in Ranged Weapons
  1783 | D:3      | Reached XP level 5. HP: 29/29 MP: 7/7
  1857 | D:3      | Reached skill level 9 in Ranged Weapons
  2317 | D:3      | HP: 6/29 [burnt (3)]
  2320 | D:3      | Incinerated by a bombardier beetle

Levels and vault maps discovered:
D:1:      minmay_arrival_wavy_path, layout_loops_corners
D:2:      layout_loops_ring, serial_shops, nicolae_shop_trees
D:3:      layout_loops_corners, amcnicky_mini_rare_corridor_liquid

Skill      XL: |  1  2  3  4  5 |
---------------+----------------+-----
Ranged Weapons | 6 7 8 9 |  9.0
Fighting       | |  1.5
Dodging        | |  2.6
Stealth        | |  1.2

Action                     |  1- 3 |  4- 6 || total
---------------------------+-------+-------++-------
   Fire: Shortbow          |    86 |    78 ||   164
    Use: Scroll            |     5 |       ||     5
         Potion            |       |     1 ||     1
 Armour: Leather armour    |    23 |     7 ||    30
  Dodge: Dodged            |    35 |     9 ||    44

Table legend:
 A = Non-vault XP
 B = Vault XP
 C = Vault XP percentage of total XP
 D = Non-vault monster count
 E = Vault monster count
 F = Vault count percentage of total count
                 A         B        C        D         E       F
            +---------+---------+-------+---------+---------+-------
      Total |     291 |       0 |   0.0 |      56 |       0 |   0.0
            +---------+---------+-------+---------+---------+-------
        D:1 |      27 |       0 |   0.0 |      16 |       0 |   0.0
        D:2 |      39 |       0 |   0.0 |      17 |       0 |   0.0
        D:3 |     225 |       0 |   0.0 |      23 |       0 |   0.0
            +---------+---------+-------+---------+---------+-------
